 Dungeon Crawl Stone Soup version 0.30-a0-694-g3340775977 (webtiles) character file.

Game seed: 1494820768469764524

19124 Alitron123 the Basher (level 12, -4/166 HPs)
             Began as an Armataur Berserker on Jan 20, 2023.
             Was the Champion of Trog.
             Slain by a yak (5 damage)
             ... on level 2 of the Lair of Beasts.
             The game lasted 00:25:06 (10951 turns).

Alitron123 the Basher (Armataur Berserker)         Turns: 10951, Time: 00:25:06

Health: -4/166     AC: 16    Str: 32    XL:     12   Next: 33%
Magic:  12/12      EV: 16    Int: 13    God:    Trog [******]
Gold:   834        SH:  0    Dex:  9    Spells: 11/11 levels left

rFire   . . .      SeeInvis .    F - +2 mace (heavy)
rCold   . . .      Faith    .    E - orb {*Rage}
rNeg    + . .      Spirit   .    y - +1 ring mail of Ziasm {rN+ Str+6 Int+3}
rPois   .          Reflect  .    C - +2 helmet
rElec   .          Harm     .    a - scarf {repulsion}
rCorr   .          Roll     +    t - +1 pair of gloves
Will    .....      Rage     20%  (no barding) Stlth
                                 (no amulet)
HPRegen 0.47/turn                G - +4 ring of slaying
MPRegen 0.13/turn                c - +5 ring of evasion

@: berserking, marked, repel missiles, very quick
A: large, rugged brown scales 3, deformed body, armoured tail, roll, long
tongue, awkward tongue, talons 1, iridescent scales 1, inability to read after
injury 1
a: Renounce Religion, Berserk, Trog's Hand, Brothers in Arms


You were on level 2 of the Lair of Beasts.
You worshipped Trog.
Trog was exalted by your worship.
You visited 2 branches of the dungeon, and saw 13 of its levels.

You collected 834 gold pieces.

Inventory:

Hand Weapons
 x - the +3 whip of Valiance {holy, rC+ Str+3}
   (You found it on level 10 of the Dungeon)

   Str:       It affects your strength (+3).
   rC:        It protects you from cold.
 F - a +2 heavy mace (weapon)
Missiles
 h - 10 poisoned darts
 i - 4 throwing nets
Armour
 a - a scarf of repulsion (worn)
 t - a +1 pair of gloves (worn)
 y - the +1 ring mail of Ziasm (worn) {rN+ Str+6 Int+3}
   (You found it on level 5 of the Dungeon)

   Str:       It affects your strength (+6).
   Int:       It affects your intelligence (+3).
   rN:        It protects you from negative energy.
 C - a +2 helmet (worn)
 E - an orb of wrath (worn)
Jewellery
 b - a ring of flight
 c - a +5 ring of evasion (right hand)
 d - a ring of positive energy
 m - a ring of ice
 s - a ring of willpower
 A - a ring of protection from cold
 B - an amulet of faith
 G - a +4 ring of slaying (left hand)
Wands
 n - a wand of mindburst (9) (quivered)
 p - a wand of flame (17)
Scrolls
 f - 5 scrolls of teleportation
 g - 3 scrolls of silence
 j - 3 scrolls of immolation
 k - a scroll of butterflies
 q - 3 scrolls of blinking
 r - a scroll of torment
 w - 8 scrolls of identify
 D - a scroll of fear
 H - a scroll of magic mapping
 J - a scroll of fog {unknown}
Potions
 e - a potion of resistance
 l - a potion of berserk rage
 o - 7 potions of curing
 u - a potion of degeneration
 v - a potion of heal wounds
 z - a potion of flight
 I - a potion of invisibility {unknown}


   Skills:
 + Level 9.0 Fighting
 + Level 4.2 Short Blades
 + Level 11.4 Maces & Flails
 + Level 3.5 Polearms
 + Level 0.1 Throwing
 + Level 9.8 Armour
 + Level 7.0 Dodging
 + Level 3.5 Stealth
 + Level 0.2 Evocations


You had 11 spell levels left.
You didn't know any spells.
Your spell library was empty.

Dungeon Overview and Level Annotations

Branches:
Dungeon (11/15)            Temple (0/1) D:5            Lair (2/5) D:9
    Orc (0/2) D:9
  Swamp: Lair:2-3    Shoals: Lair:2-3     Snake: Lair:2-3    Spider: Lair:2-3

Altars:
Cheibriados
Elyvilon
Kikubaaqudgha
Nemelex Xobeh
Qazlal
Trog
Xom
Zin

Shops:
D:1 =   D:7 :?([(


Innate Abilities, Weirdness & Mutations

You are completely covered in rugged brown scales. (AC +3, +7% HP)
Armour fits poorly on your strangely shaped body.
You have a long armoured tail.
You roll when moving toward enemies. (Rampage)
Your long tongue fully drains potion bottles. (2x potion effects)
Your tongue gives you trouble enunciating. (1.5x scroll delay)
You have sharp toenails.
You are partially covered in iridescent scales. (AC +2)
You occasionally lose the ability to read scrolls when taking damage.


Message History

A yak comes into view.
The yak gores you.
* * * LOW HITPOINT WARNING * * *
A bullfrog comes into view.
You thump the yak! Your kick misses the yak.
The yak is moderately wounded.
The wolf barely misses you. The wolf misses you.
The wolf bites you but does no damage.
The wolf stops to sniff the ground.
The wolf bites you but does no damage. The wolf misses you.
The cane toad barely misses you. The spriggan rider barely misses you.
The wolf closely misses you. The wolf barely misses you. x2
The wolf misses you. The wolf completely misses you.
The yak gores you but does no damage. The yak closely misses you.
You bludgeon the yak!!
You kill the yak!
Trog accepts your kill. The cane toad barely misses you. The wolf misses you.
The wolf bites you but does no damage. The wolf bites you.
* * * LOW HITPOINT WARNING * * *
The wolf bites you but does no damage.
The spriggan rider hits you from afar with a +0 spear!
* * * LOW HITPOINT WARNING * * *
The wolf closely misses you.
You closely miss the wolf. The wolf bites you but does no damage.
The wolf bites you.
* * * LOW HITPOINT WARNING * * *
The wolf misses you. x2; The cane toad completely misses you.
The wolf barely misses you. The yak misses you.
A yak comes into view.
The spriggan rider hits you but does no damage.
Okay, then.
You closely miss the wolf. The wolf closely misses you.
The wolf bites you but does no damage. x2; The wolf closely misses you.
The wolf misses you.
A bullfrog comes into view.
The cane toad closely misses you. The wolf bites you.
* * * LOW HITPOINT WARNING * * *
The wolf misses you. The yak gores you.
You die...

.. .# .#..........
.##...# ...........
.#....##. ##.......8..
........#####P..........
.........##P##..l.F.....
...............Si♣h.....
..............YYhhh.....
.........F..Y.YY@hh..♣.
.........Y.....hFhh.....
................h..##...
#.....#.#.#.###...PP# .
.#...######## .........
##...# #P...#.... #.....
.....##.... #....##
.#....# ...? +...P#
##.... ##


You could see a spriggan rider, a komodo dragon, a black mamba, 6 yaks, a cane
toad, 10 wolves and 2 bullfrogs.

Vanquished Creatures
  A hydra (Lair:1)
  Fannar (D:10)
  A boulder beetle (D:10)
  Pikel (D:7)
  2 black mambas (Lair:1)
  2 cane toads
  A rime drake (Lair:1)
  Maggie (D:7)
  A komodo dragon (Lair:1)
  2 polar bears (Lair:1)
  A troll (D:10)
  2 hornets
  5 blink frogs (Lair:1)
  3 wyverns
  32 yaks
  8 humans (D:7)
  A basilisk (D:9)
  A steam dragon (D:9)
  An acid dragon (D:10)
  7 water moccasins
  2 orc warriors
  3 black bears
  An ice beast (D:6)
  2 centaurs
  22 wolves
  A lemure (D:7)
  A kobold brigand (D:8)
  10 bullfrogs
  Blork the orc (D:5)
  A necrophage (D:4)
  3 scorpions
  13 wights
  6 killer bees (D:10)
  A jelly (D:6)
  2 electric eels (D:10)
  5 hounds
  5 orc priests
  5 iguanas
  12 orc wizards
  6 hell rats (Lair:2)
  7 adders
  3 gnolls (D:2)
  A shadow imp (D:7)
  2 white imps
  An ufetubus (D:7)
  5 worms
  7 dart slugs
  37 orcs
  2 ball pythons
  4 bats
  11 endoplasms
  10 giant cockroaches
  5 goblins
  8 hobgoblins
  2 jackals (D:7)
  5 quokkas
  4 frilled lizards
  7 kobolds
  9 rats
306 creatures vanquished.

Vanquished Creatures (others)
  An orc wizard (D:7)
  2 fungi (Lair:1)
  22 plants
25 creatures vanquished.

Grand Total: 331 creatures vanquished

Notes
Turn   | Place    | Note
-------+----------+-------------------------------------------
     0 | D:1      | Alitron123 the Armataur Berserker began the quest for the
                  | Orb.
     0 | D:1      | Reached XP level 1. HP: 19/19 MP: 1/1
   205 | D:1      | Reached XP level 2. HP: 26/26 MP: 2/2
   254 | D:1      | Found Zife's Jewellery Shop.
   758 | D:2      | Reached XP level 3. HP: 30/33 MP: 3/3
   760 | D:2      | Reached ** piety under Trog
  1213 | D:2      | Reached XP level 4. HP: 40/40 MP: 4/4
  1295 | D:2      | Found a snail-covered altar of Cheibriados.
  1503 | D:2      | Gained mutation: You occasionally lose the ability to read
                  | scrolls when taking damage. [potion of mutation]
  1503 | D:2      | Gained mutation: You have sharp toenails. [potion of
                  | mutation]
  1503 | D:2      | Gained mutation: You are partially covered in iridescent
                  | scales. (AC +2) [potion of mutation]
  1609 | D:3      | Reached skill level 1 in Short Blades
  1730 | D:3      | Reached XP level 5. HP: 48/48 MP: 5/5
  1921 | D:3      | Reached *** piety under Trog
  2377 | D:4      | Found a sparkling altar of Nemelex Xobeh.
  2448 | D:4      | Reached XP level 6. HP: 24/55 MP: 6/6
  2618 | D:4      | Found a stormy altar of Qazlal.
  2708 | D:4      | Found an ancient bone altar of Kikubaaqudgha.
  2719 | D:4      | Found a bloodstained altar of Trog.
  3190 | D:5      | Entered Level 5 of the Dungeon
  3190 | D:5      | Noticed Blork the orc
  3195 | D:5      | Killed Blork the orc
  3264 | D:5      | Identified the +1 ring mail of Ziasm {rN+ Str+6 Int+3}
  3343 | D:5      | Reached XP level 7. HP: 59/63 MP: 7/7
  3436 | D:5      | Found a staircase to the Ecumenical Temple.
  3473 | D:5      | Reached skill level 5 in Armour
  3578 | D:5      | Reached skill level 1 in Maces & Flails
  3652 | D:5      | Reached **** piety under Trog
  3953 | D:6      | Found a glowing silver altar of Zin.
  3954 | D:6      | Found a white marble altar of Elyvilon.
  3985 | D:6      | Reached XP level 8. HP: 71/71 MP: 8/8
  4252 | D:6      | Reached skill level 2 in Maces & Flails
  4252 | D:6      | Reached skill level 1 in Stealth
  4644 | D:6      | Reached skill level 3 in Maces & Flails
  5330 | D:7      | Reached skill level 5 in Fighting
  5330 | D:7      | Reached skill level 4 in Maces & Flails
  5533 | D:7      | Found Beijaw's Armour Boutique.
  5536 | D:7      | Noticed Maggie
  5552 | D:7      | Killed Maggie
  5553 | D:7      | Reached skill level 5 in Maces & Flails
  5553 | D:7      | Reached XP level 9. HP: 67/79 MP: 9/9
  5611 | D:7      | Found Saezuxkel's Magic Scroll Shoppe.
  5810 | D:7      | Found Hot Leor's Weapon Shoppe.
  5840 | D:7      | Noticed Pikel
  5844 | D:7      | Killed Pikel
  5849 | D:7      | Found Cekajan's Antique Weapon Shoppe.
  5912 | D:7      | Found Xeaxuxak's Book Shop.
  5918 | D:7      | Reached skill level 6 in Maces & Flails
  5999 | D:7      | Reached skill level 7 in Maces & Flails
  6008 | D:7      | Reached XP level 10. HP: 88/88 MP: 10/10
  6565 | D:8      | Reached skill level 8 in Maces & Flails
  6844 | D:8      | Reached ***** piety under Trog
  6914 | D:8      | Identified the +1 leather armour "Neerunig" {Will+}
  7005 | D:8      | Reached skill level 9 in Maces & Flails
  7248 | D:8      | You are sucked into a shaft and drop 3 floors!
  7297 | D:10     | Entered Level 10 of the Dungeon
  7317 | D:10     | Reached skill level 5 in Dodging
  7349 | D:10     | Noticed Fannar
  7366 | D:10     | Killed Fannar
  7434 | D:10     | Identified the +3 whip of Valiance {holy, rC+ Str+3}
  7457 | D:9      | Reached XP level 11. HP: 97/97 MP: 11/11
  8303 | D:9      | Found a shimmering altar of Xom.
  8305 | D:9      | Found a staircase to the Lair.
  8345 | D:9      | Identified the +0 leather armour of Honesty {rC+ Will+
                  | Regen+}
  8485 | D:9      | Found a staircase to the Orcish Mines.
  8891 | D:10     | Noticed a boulder beetle
  8898 | D:10     | Killed a boulder beetle
  8902 | D:10     | Reached skill level 10 in Maces & Flails
  9744 | Lair:1   | Entered Level 1 of the Lair of Beasts
 10317 | Lair:1   | Noticed a four-headed hydra
 10324 | Lair:1   | Killed a four-headed hydra
 10325 | Lair:1   | Reached XP level 12. HP: 110/110 MP: 12/12
 10328 | Lair:1   | Reached skill level 11 in Maces & Flails
 10874 | Lair:2   | Reached ****** piety under Trog
 10949 | Lair:2   | HP: 5/166 [spriggan rider/+0 spear (12)]
 10950 | Lair:2   | HP: 1/166 [wolf (4)]
 10951 | Lair:2   | Slain by a yak

Illustrated notes

Levels and vault maps discovered:
D:1:      lightli_arrival_isolated_outpost, layout_rooms, serial_shops, shop,
          hangedman_abyss_or_decor_stabs, chequers_serial_rivers_room_a,
          minmay_worlds_worst_comb
D:2:      layout_loops_corners, basic_altar
D:3:      layout_loops_ring, hangedman_feature_mirror, minmay_cut_off
D:4:      layout_basic, nicolae_qazlal_general_emergency, minitemple,
          mainiacjoe_overflow_tiny_flanked
D:5:      layout_rooms, minmay_temple_entry_waves, kennysheep_dice,
          uniq_blork_the_orc
D:6:      layout_loops_corners, nicolae_overflow_squiral
D:7:      erik_cavepeople, layout_basic, serial_shops,
          nicolae_shop_bloodbath_and_beyond, kennysheep_mini, shop, shop_coins,
          nicolae_diamond_shop, uniq_maggie, uniq_pikel
D:8:      layout_basic
D:9:      layout_irregular_city, brannock_xom_greatest_gift, david_lair_generic,
          orc_0_dummy, minmay_misc_feat_columns
D:10:     layout_loops_ring, serial_bayou, serial_bayou_ford_a,
          serial_bayou_pond_d, serial_bayou_shore_b, serial_bayou_pond_b,
          enter_bailey_2, nicolae_zen_rock_garden, uniq_fannar
D:11:     layout_loops_ring, st_stairs_1,
          hellmonk_guarded_unrand_gyre_and_gimble
Lair:1:   layout_chaotic_city, hangedman_lair_unloving_vines,
          grunt_forest_small_clearing_treed
Lair:2:   layout_regular_city, grunt_forest_large_clearings

Skill      XL: |  1  2  3  4  5  6  7  8  9 10 11 12 |
---------------+-------------------------------------+-----
Fighting       | 3 4 5 6 8 9 |  9.0
Polearms       | 3 |  3.5
Armour         | 3 4 5 7 8 9 |  9.8
Short Blades   | 1 2 3 4 |  4.2
Dodging        | 2 3 4 5 6 7 |  7.0
Maces & Flails | 1 5 7 9 10 11 | 11.4
Stealth        | 1 2 3 |  3.5
Throwing       | |  0.1
Evocations     | |  0.2

Action                   |  1- 3 |  4- 6 |  7- 9 | 10-12 || total
-------------------------+-------+-------+-------+-------++-------
Melee: Spear             |    87 |       |       |       ||    87
       Tailslap          |     7 |    22 |    27 |    44 ||   100
       Short sword       |    37 |   153 |       |       ||   190
       Punch             |     1 |     2 |     1 |       ||     4
       Kick              |       |    46 |    37 |   107 ||   190
       Mace              |       |    14 |   170 |   379 ||   563
Throw: Dart              |     4 |       |       |       ||     4
Invok: Berserk           |       |     2 |     1 |       ||     3
       Trog's Hand       |       |       |     1 |     2 ||     3
Evoke: Wand              |       |       |       |     1 ||     1
  Use: Scroll            |       |     7 |     3 |     3 ||    13
       Potion            |       |     5 |     5 |       ||    10
Armor: Ring mail         |    27 |    62 |   130 |   267 ||   486
       Animal skin       |     1 |       |       |       ||     1
Dodge: Dodged            |    43 |    46 |   163 |   504 ||   756
       Repelled          |       |       |       |     2 ||     2

Table legend: (Time is in decaauts)
 A = Elapsed time spent in this place.
 B = Non-inter-level travel time spent in this place.
 C = Inter-level travel time spent in this place.
 D = Time resting spent in this place.
 E = Time spent auto-exploring this place.
 F = Levels seen in this place.
 G = Mean time per level.
                   A        B        C        D        E       F      G
               +--------+--------+--------+--------+--------+-----+--------+
         Total |  11445 |  11033 |    412 |      0 |   8865 |  13 |  880.4 |
       Dungeon |  10151 |   9739 |    412 |      0 |   7818 |  11 |  922.8 |
          Lair |   1294 |   1294 |      0 |      0 |   1047 |   2 |  647.0 |
               +--------+--------+--------+--------+--------+-----+--------+

Top non-repeatable levels by time:
     D:7: 1554 daAuts
    D:10: 1268 daAuts
     D:8: 1185 daAuts
     D:6: 1153 daAuts
     D:2: 1065 daAuts
  Lair:1: 1039 daAuts
     D:9: 940 daAuts
     D:4: 834 daAuts
     D:3: 822 daAuts
     D:5: 797 daAuts
     D:1: 480 daAuts
  Lair:2: 254 daAuts
    D:11: 48 daAuts
